 Dungeon Crawl Stone Soup version 0.23.2-1-ga50397a (webtiles) character file.

Game seed: 10084452936165471257

488 schauveau the Slinger (level 7, -2/46 HPs)
             Began as a Halfling Hunter on May 2, 2019.
             Slain by a centaur zombie (5 damage)
             ... in an ossuary.
             The game lasted 00:09:00 (4353 turns).

schauveau the Slinger (Halfling Hunter)             Turns: 4353, Time: 00:09:01

Health: -2/46      AC:  4    Str: 13    XL:     7   Next: 36%
Magic:  7/7        EV: 16    Int:  9    God:
Gold:   168        SH:  0    Dex: 17    Spells: 6/6 levels left

rFire    . . .     SeeInvis .   a - +1 hunting sling
rCold    . . .     Gourm    .   (shield restricted)
rNeg     . . .     Faith    .   c - +0 leather armour
rPois    .         Spirit   .   (no helmet)
rElec    .         Reflect  .   (no cloak)
rCorr    .         Harm     .   (no gloves)
MR       .....                  p - +0 pair of boots (curse)
Stlth    ++........             (no amulet)
HPRegen  0.15/turn              (no ring)
MPRegen  0.10/turn              (no ring)

@: marked
A: small, mutation resistance 1
a: no special abilities


You were in an ossuary.
You were not hungry.

You visited 1 branch of the dungeon, and saw 5 of its levels.
You also visited: Ossuary.

You collected 168 gold pieces.

Inventory:

Hand Weapons
 a - a +1 hunting sling (weapon)
 b - a +0 short sword
Missiles
 d - 4 sling bullets (quivered)
 e - 38 bolts
 i - 136 stones
 n - 38 arrows
 u - 9 poisoned needles
Armour
 c - a +0 leather armour (worn)
 p - a cursed +0 pair of boots (worn)
Jewellery
 s - a cursed ring of positive energy {unknown}
Scrolls
 g - 3 scrolls of remove curse {unknown}
 h - 3 scrolls of random uselessness {unknown}
 l - a scroll of enchant weapon {unknown}
 m - a scroll of blinking {unknown}
 o - 2 scrolls of amnesia {unknown}
 q - 3 scrolls of teleportation {unknown}
 r - 2 scrolls of identify {unknown}
 v - 2 scrolls of enchant armour {unknown}
 w - a scroll of fog {unknown}
 y - a scroll of noise {unknown}
 A - a scroll of magic mapping {unknown}
Potions
 j - a potion of brilliance {unknown}
 k - a potion of flight {unknown}
 t - a potion of heal wounds {unknown}
 x - a potion of agility {unknown}
 z - a potion of mutation {unknown}
Comestibles
 f - 6 rations


   Skills:
 + Level 3.4 Fighting
 * Level 8.8 Slings
 + Level 4.1 Dodging
 + Level 3.8 Stealth


You had 6 spell levels left.
You didn't know any spells.
Your spell library was empty.

Dungeon Overview and Level Annotations

Branches:
Dungeon (5/15)
 Temple: D:4-7

Altars:
Cheibriados
Trog
Wu Jian

Annotations:
D:3 Grinder


Innate Abilities, Weirdness & Mutations

You are small and have problems with some larger weapons.
You are somewhat resistant to further mutation.


Message History

The sling bullet hits the centaur zombie.
The centaur zombie is severely damaged.
The centaur zombie hits you.
* * * LOW HITPOINT WARNING * * *
Firing (i - inventory. (/) - cycle)
d - 5 sling bullets (quivered)
Press: ? - help, Shift-Dir - straight line, f/p - centaur zombie
Aim: a centaur zombie (severely damaged)
You shoot a sling bullet.
The sling bullet hits the centaur zombie.
The centaur zombie is severely damaged.
The centaur zombie barely misses you. The centaur zombie hits you.
* * * LOW HITPOINT WARNING * * *
The centaur zombie hits you.
* * * LOW HITPOINT WARNING * * *
Okay, then.
The centaur zombie hits you but does no damage.
The centaur zombie barely misses you. The centaur zombie hits you.
You die...

######################
#....................#
#....................#
#........8..8..Z.....#
#.....((.@Z..Z.ZZ....#
#...######..######...#
#...# #..# #...# #...#
#..# #...# #..(# #..#
#.Z.#
#..(#............#Z..#
#..(#.####.......#Z..#
#..(# #.......#...#
#..Z# #.......#Z..#


You could see a hobgoblin zombie, a kobold zombie, 2 big kobold zombies and a
centaur zombie.

Vanquished Creatures
  An ogre (D:4)
  2 centaur zombies (Ossuary)
  A centaur skeleton (D:5)
  2 hounds (D:4)
  2 worker ants (D:4)
  A worker ant zombie (D:5)
  9 adders
  3 oozes
  An adder zombie (Ossuary)
  4 worms (D:3)
  A dart slug (D:3)
  A leopard gecko (D:1)
  An orc (D:2)
  5 giant cockroaches
  7 goblins
  4 hobgoblins
  9 kobolds
  2 quokkas
  5 bats
  2 frilled lizards (D:2)
  A goblin zombie (Ossuary)
  6 hobgoblin zombies (Ossuary)
  6 kobold zombies (Ossuary)
  A leopard gecko skeleton (D:4)
  8 orc zombies (Ossuary)
  A quokka skeleton (D:5)
  8 rats
94 creatures vanquished.

Notes
Turn   | Place    | Note
-------+----------+-------------------------------------------
     0 | D:1      | schauveau the Halfling Hunter began the quest for the Orb.
     0 | D:1      | Reached XP level 1. HP: 14/14 MP: 1/1
    84 | D:1      | Reached skill level 6 in Slings
    84 | D:1      | Reached XP level 2. HP: 6/19 MP: 2/2
   643 | D:1      | Reached XP level 3. HP: 16/24 MP: 3/3
   872 | D:2      | Found an ornate altar of the Wu Jian Council.
   979 | D:3      | Noticed Grinder
  1053 | D:2      | Reached XP level 4. HP: 29/29 MP: 4/4
  2086 | D:2      | Reached skill level 7 in Slings
  2194 | D:2      | Reached XP level 5. HP: 32/35 MP: 5/5
  2401 | D:3      | Found a snail-covered altar of Cheibriados.
  2576 | D:3      | Noticed a moth of wrath
  2579 | D:3      | Found a bloodstained altar of Trog.
  2823 | D:4      | Reached XP level 6. HP: 41/41 MP: 6/6
  3476 | D:4      | Reached skill level 8 in Slings
  3508 | D:5      | Entered Level 5 of the Dungeon
  3640 | D:5      | Noticed an ogre
  3704 | D:4      | Killed an ogre
  3704 | D:4      | Reached XP level 7. HP: 24/46 MP: 7/7
  3989 | D:5      | Found a sand-covered staircase.
  3998 | Ossuary  | Entered an ossuary
  4342 | Ossuary  | HP: 2/46 [centaur zombie (3)]
  4353 | Ossuary  | Slain by a centaur zombie

Skill      XL: |  1  2  3  4  5  6  7 |
---------------+----------------------+-----
Slings         | 6 7 8 |  8.8
Fighting       | 2 3 |  3.4
Stealth        | 2 3 |  3.8
Dodging        | 3 4 |  4.1

Action                   |  1- 3 |  4- 6 |  7- 9 || total
-------------------------+-------+-------+-------++-------
Melee: Short sword       |    83 |   125 |       ||   208
 Fire: Hunting sling     |    19 |   122 |   107 ||   248
 Stab: Sleeping          |     1 |     2 |       ||     3
  Eat: Chunk             |     1 |     3 |       ||     4
       Ration            |       |     2 |       ||     2
Armor: Leather armour    |    28 |    26 |     7 ||    61
Dodge: Dodged            |    98 |   133 |    39 ||   270
